Unix NetHack Version 5.0.0-0 post-release - last build May  3 2026 23:40:34 (9823c992c0763bbd039eca2974112f46eaf799b3,branch:main).

Game began 2026-05-04 19:48:09, ended 2026-05-04 20:29:20.

CaptainEquinox, chaotic male human Rogue

                                                  -------------
         ------------                             |........[...##
         |.....<....|              #######)##[)###............| #
         |..........|            ###              |...........| ####
         |..........|          ###################............|    ###-----
         |..........|        ####-----.-------    |...........|      #....|
         -----.--|--- ########  #|C.....%...C|    -------------      %|..*|
              #  ######        ##|.....C.....|                      ##....|
              #                ##|...-----...|                    ### |*..|
              #                ##|...|.{.|...|                    #   -----
              #                 #|..C|{.{|C..|                    #
              ####              #|.....{.|...|                    #
                 #              #|...-----...|                   ##
                 @           #  #|.....C.....|                   #
          -------:-------- ###  #|C.........C|                   #
          |....>.........| # ####-------------              -----#
          |...............####                              |...-#
          |......*.......|                                  |..^|
          ----------------                                  -----

CaptainEquinox the Cutpurse  St:10 Dx:18 Co:16 In:10 Wi:14 Ch:11  Chaotic
Dlvl:5  $:44 HP:0(31) Pw:17(17) AC:-1 Xp:4 T:1721 

Latest messages:
 She stole an uncursed +0 wooden shield.
 The wood nymph vanishes!
 Really step into that hole? [yn] (n) n
 It's a wall.
 It's solid stone.
 It's a wall.
 What do you want to throw? [$bM or ?*] b
 In what direction? 6
 The dagger hits the dwarf zombie.
 You destroy the dwarf zombie!
 You see here a dwarf corpse.
 You see here a +0 dagger.
 b - a +0 dagger (alternate weapon; not wielded) (9 in total).
 You see here a dwarf corpse.
 You feel yourself slow down a bit.
 The wood nymph vanishes!
 "Hello, CaptainEquinox, welcome to Delphi!"
 Talk to whom? (in what direction) 9
 "Wilt thou settle for a minor consultation?" (50 zorkmids) [ynq] (q) y
 You don't even have enough gold for that!
 There is a fountain here.
 You see here a statue of a plains centaur.
 It's a wall.
 You see here a dwarf corpse.
 It's solid stone.
 It's solid stone.
 The door opens.
 A crocodile blocks your path.
 You hit the crocodile.
 You hit the crocodile.
 The crocodile bites!
 The crocodile misses!
 You hit the crocodile.
 The crocodile bites!
 The crocodile hits!
 You hit the crocodile.
 You miss the crocodile.
 The crocodile just misses!
 The crocodile misses!
 You hit the crocodile.
 The crocodile bites!
 The crocodile hits!
 You hit the crocodile.
 The crocodile bites!
 You die...
 Do you want your possessions identified? [ynq] (y) y
 Do you want to see your attributes? [ynq] (y) y
 Do you want an account of creatures vanquished? [ynaq] (y) y
 Do you want to see your conduct and achievements? [ynq] (y) y
 Do you want to see the dungeon overview? [ynq] (y) y

Inventory:
 Coins    ('$')
  $ - 44 gold pieces
 Weapons  (')')
  M - a +0 bow
  b - 9 +0 daggers (alternate weapons; not wielded)
  a - a +0 short sword (weapon in right hand)
 Armor    ('[')
  F - an uncursed +1 orcish helm (being worn)
  u - an uncursed +0 pair of high boots (being worn)
  A - a blessed +2 dwarvish cloak (being worn)
  c - an uncursed +3 leather armor (being worn)
 Comestibles  ('%')
  t - 4 uncursed food rations
  L - 2 uncursed pancakes
 Scrolls  ('?')
  O - an uncursed scroll of remove curse
 Potions  ('!')
  q - a blessed potion of sickness
 Rings    ('=')
  K - a cursed ring of aggravate monster (on left hand)
  B - an uncursed ring of see invisible (on right hand)
 Tools    ('(')
  e - an uncursed lock pick
  D - an uncursed magic whistle
  Q - an uncursed skeleton key

CaptainEquinox the Rogue's attributes:

Background:
 You were a Cutpurse, a level 4 male human Rogue.
 You were chaotic, nominally on a mission for Kos
 who was opposed by Issek (lawful) and Mog (neutral).
 You were right-handed.
 You were in the Dungeons of Doom, on level 5.
 You entered the dungeon 1721 turns ago.
 There was a full moon in effect when your adventure ended.
 You had 154 experience points, 6 more were needed to attain level 5.

Basics:
 You had 0 out of 31 hit points.
 You had all 17 energy points (spell power).
 Your armor class was -1.
 Your wallet contained 44 zorkmids.
 Autopickup was off.

Final Characteristics:
 Your strength was 10 (limit:18/100).
 Your dexterity was 18 (limit:18).
 Your constitution was 16 (limit:18).
 Your intelligence was 10 (limit:18).
 Your wisdom was 14 (limit:18).
 Your charisma was 11 (limit:18).

Final Status:
 You weren't hungry.
 You were unencumbered.
 You were wielding a short sword.
 You had basic skill with short sword.

Final Attributes:
 You were devoutly aligned.
 Your items were somewhat protected from fire.
 Your items were somewhat protected from cold.
 You saw invisible.
 You were stealthy.
 You aggravated monsters.
 You were warded.
 You were fast.
 You were lucky.
 You are dead.

Miscellaneous:
 You didn't encounter any bones levels.
 Total elapsed playing time was 41 minutes and 8 seconds.

Major events:
 Turn
    1: CaptainEquinox the chaotic male human Rogue entered the dungeon
 1226: attained the rank of Cutpurse (level 3)
 1721: killed by a crocodile

Spells:
 Name                 Level Category     Fail Retention
 light                  1   divination    72%  76%-100%

Skills:
 Fighting Skills
   bare handed combat [Unskilled]
   two weapon combat  [Unskilled]
   riding             [Unskilled]
 Weapon Skills
   dagger             [Basic]
   knife              [Unskilled]
   short sword        [Basic]
   broadsword         [Unskilled]
   long sword         [Unskilled]
   two-handed sword   [Unskilled]
   saber              [Unskilled]
   club               [Unskilled]
   mace               [Unskilled]
   morning star       [Unskilled]
   flail              [Unskilled]
   hammer             [Unskilled]
   polearms           [Unskilled]
   spear              [Unskilled]
   crossbow           [Unskilled]
   dart               [Unskilled]
   shuriken           [Unskilled]
 Spellcasting Skills
   divination spells  [Unskilled]
   escape spells      [Unskilled]
   matter spells      [Unskilled]

Voluntary challenges:
 Character rerolling was not enabled.
 You were an atheist.
 You never genocided any monsters.
 You never polymorphed an object.
 You never changed form.
 You used no wishes.
Achievements:
 You entered a shop.
 You attained the rank of Cutpurse.

 The Dungeons of Doom: levels 1 to 5
    Level 1:
       A fountain.
    Level 2:
       An armor shop, a sink.
    Level 3:
       A general store.
    Level 4:
       A general store.
    Level 5: <- You were here.
       Many fountains.
       Oracle of Delphi.
       Final resting place for
          you, killed by a crocodile.
 The Tutorial:
    Level 1:
       A tree.


Vanquished creatures:
  a fog cloud
  a baby crocodile
  a floating eye
  2 kittens
 an orc zombie
  2 dwarf zombies
 an iguana
  2 hobbits
  a large kobold
  a hobgoblin
  2 cave spiders
  a green mold
  a gecko
  a jackal
  a fox
  3 goblins
  a sewer rat
  5 lichens
  a kobold zombie
  3 newts
32 creatures vanquished.

No species were genocided or became extinct.

Game over:
                       ----------
                      /          \
                     /    REST    \
                    /      IN      \
                   /     PEACE      \
                  /                  \
                  |  CaptainEquinox  |
                  |      44 Au       |
                  |   killed by a    |
                  |    crocodile     |
                  |                  |
                  |                  |
                  |       2026       |
                 *|     *  *  *      | *
        _________)/\\_//(\/(/\)/\//\/|_)_______

Goodbye CaptainEquinox the Rogue...

You died in The Dungeons of Doom on dungeon level 5 with 926 points,
and 44 pieces of gold, after 1721 moves.
You were level 4 with a maximum of 31 hit points when you died.

